 Dungeon Crawl Stone Soup version 0.18.1-1-g2f07953 (webtiles) character file.

1453 M4edhros the Martial Artist (level 8, -2/46 HPs)
             Began as an Octopode Necromancer on May 6, 2016.
             Killed by divine providence
             ... invoked by an orc priest
              (12 damage)
             ... on level 6 of the Dungeon.
             The game lasted 00:10:53 (1849 turns).

M4edhros the Martial Artist (Octopode Necromancer)  Turns: 1849, Time: 00:10:54

Health: -2/46      AC:  5    Str:  8    XL:     8   Next: 76%
Magic:  8/11       EV: 12    Int: 15    God:
Gold:   96         SH:  0    Dex: 14    Spells: 3 memorised, 6 levels left

rFire  . . .     SeeInvis .       - Unarmed
rCold  . . .     Gourm    .     (no shield)
rNeg   . . .     Faith    .     (helmet restricted)
rPois  .         Spirit   .     i - amulet of rage
rElec  .         Dismiss  .     g - +4 ring of protection
rCorr  .         Reflect  .     (no ring)
SustAt .         Harm     .     (no ring)
MR     .....     Rnd*Rage +     (no ring)
Stlth  +++.......               (no ring)
                                (no ring)
                                (no ring)
                                (no ring)

@: regenerating (expiring), not resistant to hostile enchantments, fairly
stealthy
A: almost no armour, amphibious, 8 rings, constrict 8, camouflage 1, berserk 1,
dopey 1, gelatinous body 1
a: Evoke Berserk Rage


You were on level 6 of the Dungeon.
You were near starving.

You visited 1 branch of the dungeon, and saw 6 of its levels.
You also visited: Ossuary.

You collected 96 gold pieces.

Inventory:

Jewellery
 g - a +4 ring of protection (left tentacle)
 i - an amulet of rage (around mantle)
Wands
 s - a wand of flame (7/48)
 t - a wand of polymorph (8/24)
Scrolls
 e - 2 scrolls of random uselessness {unknown}
 k - a scroll of teleportation {unknown}
 m - a scroll of immolation {unknown}
 n - a scroll of magic mapping {unknown}
 p - a scroll of noise {unknown}
 u - 3 scrolls of remove curse {unknown}
 v - 2 scrolls of enchant armour {unknown}
 w - 2 scrolls of enchant weapon {unknown}
 y - a scroll of blinking {unknown}
 z - a scroll of identify
Potions
 c - 2 potions of agility
 f - a potion of degeneration
 h - 3 potions of haste {unknown}
 j - 4 potions of curing {unknown}
 l - 3 potions of cure mutation
 o - a potion of brilliance {unknown}
 q - a potion of lignification
 x - 2 potions of might
Books
 a - a book of Necromancy

   Spells                             Type                      Level
   a - Pain                           Necromancy                   1
   b - Animate Skeleton               Necromancy                   1
   c - Vampiric Draining              Necromancy                   3
   d - Regeneration                   Charms/Necromancy            3
   e - Animate Dead                   Necromancy                   4
   f - Control Undead                 Necromancy                   4
 r - a book of Death

   Spells                             Type                      Level
   a - Corpse Rot                     Necromancy                   2
   b - Sublimation of Blood           Necromancy                   2
   c - Agony                          Necromancy                   5
   d - Dispel Undead                  Necromancy                   5
   e - Excruciating Wounds            Charms/Necromancy            5
   f - Bolt of Draining               Conjuration/Necromancy       5
Comestibles
 b - a bread ration
 d - a beef jerky


   Skills:
 - Level 2.0 Dodging
 - Level 2.6 Stealth
 + Level 10.4 Unarmed Combat
 - Level 2.0 Spellcasting
 - Level 4.0 Necromancy


You had 6 spell levels left.
You knew the following spells:

 Your Spells              Type           Power        Failure   Level  Hunger
a - Pain                  Necr           ##..         4%          1    #......
b - Animate Skeleton      Necr           N/A          4%          1    #......
r - Regeneration          Chrm/Necr      #.........   30%         3    ###....


Dungeon Overview and Level Annotations

Branches:
Dungeon (6/15)
 Temple: D:4-7

Altars:
Xom
Zin


Innate Abilities, Weirdness & Mutations

You cannot wear most types of armour.
You are amphibious.
You can wear up to eight rings at the same time.
You can use your tentacles to constrict eight enemies at once.
Your skin changes colour to match your surroundings (Stealth).
Your rubbery body absorbs attacks (AC +1).
You tend to lose your temper in combat.
You are dopey. (Int -2)


Message History

An iguana, an orc warrior and an orc priest come into view.
The iguana hisses angrily.
Found 16 bolts.
An orc comes into view.
Things that are here:
a club; a ring mail You bludgeon the orc warrior!
You grab the orc warrior.
The orc warrior is heavily wounded.
You constrict the orc warrior, but do no damage.
The orc priest calls down the wrath of Beogh upon you.
Beogh smites you! The orc priest hits you with a trident!
* * * LOW HITPOINT WARNING * * *
Drink which item? (? for menu, Esc to quit)
Okay, then.
You release your grip on the orc warrior.
Your skin is crawling a little less now.
The orc priest closely misses you.
The orc priest mumbles some strange prayers to Beogh against you.
Beogh smites you!
You die...

###.###..#..##.#
##....##.
+.....+........#
####.##.
###.###..####..#
#..#. #.
#.#....# #..#
##.#.
#...#'#(...#
#... #...
#..........#
###.
########..## #.
#####..#### #.
#.......@.# #.
#.#######.# #.
#_>...8o# ..
#######o# .#
..o.l..l#
...#(..o.
######. .. ##


You could see an orc warrior, an iguana and 2 orc priests.

Vanquished Creatures
  A phantom (D:6)
  A centaur (D:5)
  A giant frog (D:6)
  10 scorpions (Ossuary)
  2 water moccasin skeletons
  2 giant frog zombies
  7 centaur zombies
  A human zombie (Ossuary)
  5 big kobold zombies (Ossuary)
  A hound zombie (D:4)
  3 mummies (Ossuary)
  A worker ant zombie (D:4)
  8 gnolls
  3 adders
  A howler monkey skeleton (D:5)
  3 scorpion zombies (Ossuary)
  An adder zombie (D:4)
  A worm (D:3)
  A dart slug (D:2)
  A giant gecko (D:5)
  An orc (D:6)
  4 gnoll zombies (Ossuary)
  2 goblins
  8 jackals
  2 kobolds
  A quokka (D:5)
  A ball python (D:3)
  3 bats
  A giant newt (D:1)
  4 goblin zombies (Ossuary)
  A hobgoblin zombie (Ossuary)
  A jackal skeleton (D:5)
  A kobold zombie (Ossuary)
  4 rats (D:2)
88 creatures vanquished.

Vanquished Creatures (collateral kills)
  An adder (D:3)
  A shadow imp (D:5)
  An ooze (D:3)
  A goblin (D:3)
4 creatures vanquished.

Vanquished Creatures (others)
  A scorpion (Ossuary)
1 creature vanquished.

Grand Total: 93 creatures vanquished

Notes
Turn   | Place    | Note
--------------------------------------------------------------
     0 | D:1      | M4edhros the Octopode Necromancer began the quest for the Orb.
     0 | D:1      | Reached XP level 1. HP: 11/11 MP: 3/3
   108 | D:2      | Reached skill level 1 in Unarmed Combat
   129 | D:2      | Reached skill level 2 in Unarmed Combat
   129 | D:2      | Reached XP level 2. HP: 10/17 MP: 3/5
   141 | D:2      | Learned a level 1 spell: Animate Skeleton
   172 | D:2      | Reached XP level 3. HP: 9/21 MP: 1/6
   177 | D:2      | Learned a level 3 spell: Regeneration
   280 | D:1      | Reached skill level 3 in Unarmed Combat
   504 | D:3      | Reached XP level 4. HP: 17/27 MP: 0/7
   569 | D:3      | Reached skill level 4 in Unarmed Combat
   592 | D:3      | Reached XP level 5. HP: 12/31 MP: 4/8
   697 | D:4      | Gained mutation: You are dopey. (Int -2) [potion of mutation]
   697 | D:4      | Gained mutation: You tend to lose your temper in combat. [potion of mutation]
   715 | D:4      | Reached skill level 5 in Unarmed Combat
   721 | D:4      | Reached XP level 6. HP: 14/36 MP: 4/9
   798 | D:4      | Reached skill level 6 in Unarmed Combat
   893 | D:5      | Entered Level 5 of the Dungeon
  1009 | D:5      | nice, 4 prot ring, good for now
  1066 | D:6      | Found a glowing silver altar of Zin.
  1072 | D:6      | Reached XP level 7. HP: 37/41 MP: 4/10
  1186 | D:6      | Reached skill level 7 in Unarmed Combat
  1288 | D:6      | Found a sand-covered staircase.
  1294 | Ossuary  | Entered an ossuary
  1307 | Ossuary  | Reached skill level 8 in Unarmed Combat
  1441 | Ossuary  | Reached XP level 8. HP: 46/46 MP: 3/11
  1525 | Ossuary  | Reached skill level 9 in Unarmed Combat
  1628 | Ossuary  | Reached skill level 10 in Unarmed Combat
  1836 | D:6      | Found a shimmering altar of Xom.
  1849 | D:6      | Killed from afar by an orc priest

Skill      XL: |  1  2  3  4  5  6  7  8 |
---------------+-------------------------+-----
Unarmed Combat | 2 3 4 5 6 8 10 | 10.4
Dodging        | |  2.0
Stealth        | |  2.6
Spellcasting   | |  2.0
Necromancy     | |  4.0

Action                   |  1- 3 |  4- 6 |  7- 9 || total
-------------------------+-------+-------+-------++-------
Melee: Unarmed           |    45 |    63 |   175 ||   283
       Constrict         |    11 |    18 |    31 ||    60
       Tentacles         |     6 |    15 |    31 ||    52
       Punch             |       |     2 |     9 ||    11
 Cast: Pain              |    13 |     4 |     1 ||    18
       Animate Skeleton  |     5 |     5 |     1 ||    11
       Regeneration      |     6 |    11 |    19 ||    36
 Abil: Evoke Berserk Rag |       |       |     1 ||     1
  Use: Potion            |     1 |     5 |       ||     6
       Scroll            |       |       |     2 ||     2
 Stab: Sleeping          |     1 |     1 |       ||     2
  Eat: Chunk             |     1 |     4 |     4 ||     9
       Bread ration      |       |       |     1 ||     1
Armor: Skin              |     1 |     9 |    23 ||    33
Dodge: Dodged            |    26 |    51 |    70 ||   147
